 Dungeon Crawl Stone Soup version 0.30.0-29-ga12c61a403 (webtiles) character file.

Game seed: 16752336153930623608

14149 Cheops the Covert (level 11, -2/89 HPs)
             Began as an Armataur Earth Elementalist on June 19, 2023.
             Was a Believer of Uskayaw.
             Shot with an arrow by a centaur (4 damage)
             ... led by a centaur warrior
             ... on level 13 of the Dungeon on June 20, 2023.
             The game lasted 01:05:51 (17478 turns).

Cheops the Covert (Armataur Earth Elementalist)    Turns: 17478, Time: 01:05:52

Health: -2/89      AC: 15    Str: 11    XL:     11   Next: 84%
Magic:  12/15      EV:  9    Int: 25    God:    Uskayaw [**....]
Gold:   675        SH:  0    Dex: 11    Spells: 3/16 levels left

rFire   . . .        a - +5 dagger
rCold   + . .        (no shield)
rNeg    . . .        F - +1 steam dragon scales
rPois   .            z - +1 helmet of Legaje {rC+ Regen+ Str-3 SInv}
rElec   .            M - +1 cloak
rCorr   .            y - +0 pair of gloves
SInv    +            (no barding)
Will    .....        (no amulet)
Stlth   +++++        u - +6 ring of intelligence
HPRegen 1.14/turn    N - +4 ring of protection
MPRegen 0.14/turn

%: roll
@: no status effects
A: large, rugged brown scales 3, deformed body, armoured tail, roll, long
tongue, awkward tongue
a: Renounce Religion, Stomp, Line Pass


You were on level 13 of the Dungeon.
You worshipped Uskayaw.
Uskayaw was noncommittal.
You visited 2 branches of the dungeon, and saw 14 of its levels.

You collected 675 gold pieces.

Inventory:

Hand Weapons
 a - a +5 dagger (weapon)
 A - a +0 dagger of draining
 H - the +6 sling of Evunu {elec, Fly rPois rN+ MP+9}
   (You took it off a gnoll on level 6 of the Dungeon)

   rPois:     It protects you from poison.
   rN:        It protects you from negative energy.
   MP:        It affects your magic capacity (+9).
   Fly:       It grants you flight.
 K - a +3 vampiric rapier
 Q - a +2 dagger of holy wrath
 S - a +3 dagger of draining
 U - a +1 dagger of freezing
Armour
 y - a +0 pair of gloves (worn)
 z - the +1 helmet of Legaje (worn) {rC+ Regen+ Str-3 SInv}
   (You found it on level 4 of the Dungeon)

   Str:       It affects your strength (-3).
   rC:        It protects you from cold.
   SInv:      It lets you see invisible.
   Regen:     It increases your rate of health regeneration.
 F - +1 steam dragon scales (worn)
 G - a +1 robe of fire resistance
 I - a +1 ring mail of cold resistance
 M - a +1 cloak (worn)
 T - +0 acid dragon scales
Magical Staves
 b - a staff of conjuration {!a}
 O - a staff of death
Jewellery
 u - a +6 ring of intelligence (left hand)
 N - a +4 ring of protection (right hand)
Wands
 c - a wand of acid (7)
 p - a wand of flame (4)
 J - a wand of iceblast (11)
 L - a wand of paralysis (16)
Scrolls
 e - 4 scrolls of teleportation
 g - a scroll of blinking
 i - 3 scrolls of amnesia {unknown}
 l - 5 scrolls of noise {unknown}
 q - a scroll of immolation
 s - 3 scrolls of poison {unknown}
 v - a scroll of vulnerability
 w - a scroll of magic mapping
 x - 2 scrolls of enchant weapon {unknown}
 C - a scroll of summoning
 E - 2 scrolls of fear
 P - a scroll of torment
Potions
 d - a potion of invisibility
 f - 7 potions of brilliance
 h - 6 potions of curing
 j - 4 potions of might {unknown}
 k - a potion of haste
 m - 4 potions of heal wounds {unknown}
 n - 4 potions of ambrosia
 o - 3 potions of flight {unknown}
 r - a potion of cancellation
 t - 2 potions of resistance
 B - a potion of berserk rage


   Skills:
 - Level 4.0 Fighting
 - Level 1.3 Dodging
 + Level 13.9 Stealth
 - Level 4.0 Unarmed Combat
 - Level 3.0 Spellcasting
 - Level 7.0 Conjurations
 - Level 6.0 Transmutations
 * Level 1.9 Air Magic
 - Level 8.0 Earth Magic
 * Level 1.9 Poison Magic
 - Level 2.0 Invocations
 - Level 2.0 Evocations


You had 3 spell levels left.
You knew the following spells:

 Your Spells              Type           Power      Damage    Failure   Level
a - Sandblast             Erth           86%        2d18      1%          1
b - Stone Arrow           Conj/Erth      82%        3d12      1%          3
m - Mephitic Cloud        Conj/Pois/Air  21%        N/A       7%          3
p - Petrify               Tmut/Erth      38%        N/A       5%          4
P - Passwall              Tmut/Erth      31%        N/A       1%          2

Your spell library contained the following spells:

 Spells                   Type           Power      Damage    Failure   Level
 Magic Dart               Conj           100%       1d8       1%          1
 Spider Form              Tmut/Pois      23%        N/A       6%          3
 Call Imp                 Summ           6%         N/A       16%         2
 Ensorcelled Hibernation  Hex/Ice        6%         N/A       16%         2
 Lesser Beckoning         Tloc           6%         N/A       16%         2
 Teleport Other           Tloc           3%         N/A       30%         3
 Anguish                  Hex/Necr       1%         N/A       69%         4
 Manifold Assault         Tloc           3%         N/A       69%         4
 Summon Forest            Summ/Tloc      1%         N/A       95%         5
 Dispersal                Tloc           1%         N/A       100%        6
 Disjunction              Tloc           1%         N/A       100%        8


Dungeon Overview and Level Annotations

Branches:
Dungeon (13/15)            Temple (1/1) D:6            Lair (0/5) D:8
    Orc (0/2) D:12
 Vaults: D:13-14

Altars:
Ashenzari
Cheibriados
Dithmenos
Elyvilon
Fedhas
Gozag
Hepliaklqana
Kikubaaqudgha
Makhleb
Nemelex Xobeh
Okawaru
Qazlal
Ru
Sif Muna
Trog
Uskayaw
Vehumet
Wu Jian
Xom
Yredelemnul
Zin
The Shining One

Annotations:
D:2 1 runed translucent door, Crazy Yiuf
D:7 3 runed translucent doors, safid's ghost, novice MfIE
D:9 3 runed translucent doors, seaoflcl's ghost, novice MiFi
D:12 1 runed translucent door, exclusion: orange crystal statue


Innate Abilities, Weirdness & Mutations

You are completely covered in rugged brown scales. (AC +3, +7% HP)
Armour fits poorly on your strangely shaped body.
You have a long armoured tail.
You roll when moving toward enemies. (Rampage)
Your long tongue fully drains potion bottles. (2x potion effects)
Your tongue gives you trouble enunciating. (1.5x scroll delay)


Message History

The centaur kicks you but does no damage.
The centaur shoots an arrow.
The arrow hits you.
* * * LOW HITPOINT WARNING * * *
You can now pass through a line of other dancers.
The helpless centaur warrior fails to defend itself.
You skewer the centaur warrior like a kebab!!!
You kill the centaur warrior!
The centaur shoots an arrow.
The arrow hits you!
* * * LOW HITPOINT WARNING * * *
The centaur unwields a +4 shortbow.
The centaur hits you but does no damage.
The centaur barely misses you.
The centaur hits you but does no damage.
The centaur kicks you but does no damage.
A skeletal warrior comes into view. It is wielding a +0 flail.
The centaur shoots an arrow.
The arrow hits you.
* * * LOW HITPOINT WARNING * * *
The centaur shouts!
Uskayaw will force your foes to helplessly watch your dance.
Uskayaw prepares the audience for your solo!
Unknown command.
Unknown command.
The skeletal warrior is no longer paralysed.
The centaur is no longer paralysed. x4; The centaur wields a +0 shortbow.
The centaur shoots an arrow.
The arrow hits you.
* * * LOW HITPOINT WARNING * * *
The centaur shoots an arrow.
The arrow hits you.
* * * LOW HITPOINT WARNING * * *
The centaur shoots an arrow.
The arrow barely misses you.
The centaur wields a +4 shortbow.
The centaur shoots an arrow.
The arrow closely misses you.
The centaur shoots an arrow.
The arrow hits you!
* * * LOW HITPOINT WARNING * * *
The centaur shoots an arrow.
The arrow barely misses you.
There is a stone staircase leading up, spattered with blood here.
The centaur shoots an arrow.
The arrow closely misses you.
The centaur shoots an arrow.
The arrow hits you.
* * * LOW HITPOINT WARNING * * *
The centaur unwields a +0 flail.
The centaur wields a +0 shortbow.
The centaur shoots an arrow.
The arrow hits you.
You die...

##....###
##.......## #
#.........### #.
#...........# #..
#...........#
#...##..........##
#....>.c.......#
#....c.......#
##.@c........##
###.c........#
##...).....#
###.......#
##.z...## ##....##
##....# ####..#
..##


You could see a skeletal warrior and 4 centaurs.

Vanquished Creatures
  A centaur warrior (D:13)
  3 skeletal warriors (D:12)
  A cyclops (D:12)
  A manticore (D:11)
  A gargoyle (D:11)
  An unseen horror (D:10)
  2 unseen horror zombies (D:9)
  4 komodo dragons
  2 trolls
  A hornet (D:8)
  Prince Ribbit (D:7)
  A shadow (D:12)
  A vampire (D:11)
  A wraith (D:11)
  2 wyverns
  14 yaks
  A steam dragon (D:6)
  A basilisk (D:12)
  Menkaure (D:6)
  Duvessa (D:6)
  An acid dragon (D:10)
  3 water moccasins
  A sky beast (D:6)
  A black bear (D:5)
  An orc warrior (D:6)
  2 ogres
  6 centaurs
  3 phantoms
  2 kobold brigands (D:9)
  Blork the orc (D:6)
  2 scorpions
  2 gnoll sergeants
  2 bullfrogs
  21 wights
  Dowan (D:6)
  12 killer bees
  3 howler monkeys
  2 hounds (D:5)
  3 jellies
  6 orc priests
  A gnoll bouda (D:8)
  A sleepcap (D:6)
  3 iguanas
  9 orc wizards
  Natasha (thrice) (D:3)
  2 howler monkey zombies (D:9)
  12 gnolls
  3 adders
  A shadow imp (D:3)
  2 white imps (D:6)
  3 ufetubi
  5 worms
  2 dart slugs (D:1)
  43 orcs
  12 ball pythons
  3 bats
  13 endoplasms
  A giant cockroach (D:2)
  8 goblins
  10 hobgoblins
  7 jackals
  3 quokkas
  5 frilled lizards
  16 kobolds
  6 rats
290 creatures vanquished.

Vanquished Creatures (others)
  A butterfly (D:5)
1 creature vanquished.

Grand Total: 291 creatures vanquished

Notes
Turn   | Place    | Note
-------+----------+-------------------------------------------
     0 | D:1      | Cheops the Armataur Earth Elementalist began the quest for
                  | the Orb.
     0 | D:1      | Reached XP level 1. HP: 14/14 MP: 3/3
   137 | D:1      | Reached XP level 2. HP: 21/21 MP: 1/5
   564 | D:1      | Reached XP level 3. HP: 27/27 MP: 3/6
   570 | D:1      | Learned a level 2 spell: Passwall
   574 | D:1      | Learned a level 3 spell: Stone Arrow
  1011 | D:1      | Reached skill level 3 in Stealth
  1583 | D:2      | Reached XP level 4. HP: 35/35 MP: 4/7
  1657 | D:2      | Found a runed translucent door.
  1658 | D:2      | Noticed Crazy Yiuf
  2211 | D:3      | Found a shadowy altar of Dithmenos.
  2439 | D:3      | Noticed Natasha
  2446 | D:3      | Killed Natasha
  2722 | D:3      | Noticed Natasha
  2726 | D:3      | Killed Natasha
  2727 | D:3      | Reached skill level 4 in Stealth
  2727 | D:3      | Reached XP level 5. HP: 40/40 MP: 5/8
  2951 | D:3      | Noticed Natasha
  2956 | D:3      | Killed Natasha
  3243 | D:4      | Found a bloodstained altar of Trog.
  3322 | D:4      | Reached skill level 5 in Earth Magic
  3398 | D:4      | Noticed a water moccasin
  3443 | D:4      | Reached skill level 5 in Stealth
  3443 | D:4      | Reached XP level 6. HP: 37/48 MP: 2/9
  3545 | D:4      | Identified the +1 helmet of Legaje {rC+ Regen+ Str-3 SInv}
  3630 | D:4      | Killed a water moccasin
  3631 | D:4      | Reached skill level 1 in Conjurations
  3693 | D:4      | Found an ornate altar of the Wu Jian Council.
  3976 | D:5      | Entered Level 5 of the Dungeon
  4076 | D:4      | Reached XP level 7. HP: 53/53 MP: 6/10
  4141 | D:5      | Reached skill level 6 in Stealth
  4396 | D:5      | Found a white marble altar of Elyvilon.
  4467 | D:5      | Found a sparkling altar of Nemelex Xobeh.
  4790 | D:5      | Found an iron altar of Okawaru.
  5322 | D:6      | Reached skill level 7 in Stealth
  5322 | D:6      | Reached skill level 5 in Conjurations
  5322 | D:6      | Reached XP level 8. HP: 58/60 MP: 6/11
  5681 | D:6      | Learned a level 4 spell: Petrify
  5806 | D:6      | Found an ancient bone altar of Kikubaaqudgha.
  5809 | D:6      | Reached skill level 1 in Transmutations
  6036 | D:6      | Noticed Duvessa
  6038 | D:6      | Noticed Dowan
  6165 | D:6      | Killed Duvessa
  6180 | D:6      | Killed Dowan
  6381 | D:6      | Reached skill level 8 in Stealth
  6454 | D:6      | Noticed Blork the orc
  6457 | D:6      | Killed Blork the orc
  6586 | D:6      | Identified the +6 sling of Evunu {elec, Fly rPois rN+ MP+9}
  6888 | D:6      | Noticed Menkaure
  6897 | D:6      | Killed Menkaure
  6898 | D:6      | Reached XP level 9. HP: 22/66 MP: 3/13
  6973 | D:6      | Found a staircase to the Ecumenical Temple.
  7367 | Temple   | Entered the Ecumenical Temple
  7505 | Temple   | Became a worshipper of Uskayaw the Reveller
  7527 | D:6      | Reached * piety under Uskayaw
  7594 | D:7      | Reached ** piety under Uskayaw
  7596 | D:7      | Reached skill level 1 in Fighting
  7596 | D:7      | Reached skill level 1 in Unarmed Combat
  7596 | D:7      | Reached *** piety under Uskayaw
  7597 | D:7      | Reached **** piety under Uskayaw
  7598 | D:7      | Reached skill level 5 in Transmutations
  7704 | D:6      | Reached skill level 9 in Stealth
  8019 | D:6      | Found a staircase to the Ecumenical Temple.
  8074 | D:6      | Found an ancient bone altar of Kikubaaqudgha.
  8826 | D:7      | Found a runed translucent gate.
  8827 | D:7      | Found a runed translucent gate.
  8827 | D:7      | Found a runed translucent gate.
  8832 | D:7      | Noticed safid's ghost (novice MfIE)
  9022 | D:7      | Found a glowing golden altar of the Shining One.
  9321 | D:7      | Noticed Prince Ribbit
  9329 | D:7      | Killed Prince Ribbit
  9767 | D:7      | Reached skill level 1 in Invocations
  9767 | D:7      | Reached skill level 1 in Evocations
 10069 | D:7      | Reached XP level 10. HP: 59/83 MP: 4/14
 10081 | D:7      | Reached ***** piety under Uskayaw
 10082 | D:7      | Reached skill level 10 in Stealth
 10497 | D:8      | Reached skill level 11 in Stealth
 10955 | D:8      | Got the Grimoire of Transposition
 11078 | D:8      | You fall into a shaft and drop 3 floors!
 11223 | D:10     | Entered Level 10 of the Dungeon
 11383 | D:9      | Reached skill level 12 in Stealth
 12131 | D:8      | Found a staircase to the Lair.
 12430 | D:9      | Reached XP level 11. HP: 89/89 MP: 1/15
 12653 | D:9      | Found a runed translucent gate.
 12653 | D:9      | Identified the +8 chain mail of Whack-A-Mole {rPois Str+3
                  | Int+7 Stlth-}
 12654 | D:9      | Found a runed translucent gate.
 12654 | D:9      | Noticed seaoflcl's ghost (novice MiFi)
 12655 | D:9      | Found a runed translucent gate.
 14853 | D:11     | Reached skill level 13 in Stealth
 14868 | D:11     | HP: 2/89 [komodo dragon (8)]
 15708 | D:12     | Found a staircase to the Orcish Mines.
 16175 | D:12     | Found a runed translucent door.
 16230 | D:12     | Found the +6 Majin-Bo {spellvamp, MP+6 Int+6}
 16231 | D:12     | Noticed an orange crystal statue
 16238 | D:12     | Learned a level 3 spell: Mephitic Cloud
 16496 | D:13     | Noticed a centaur warrior
 16496 | D:13     | Noticed a centaur warrior
 16603 | D:13     | Noticed a skeletal warrior
 16618 | D:13     | Noticed a skeletal warrior
 16618 | D:13     | Noticed a skeletal warrior
 16734 | D:12     | Found a staircase to the Orcish Mines.
 16750 | D:12     | Killed a skeletal warrior
 16941 | D:12     | Killed a skeletal warrior
 17161 | D:12     | Found a runed translucent door.
 17354 | D:13     | Noticed a centaur warrior
 17367 | D:12     | Killed a skeletal warrior
 17368 | D:12     | Reached skill level 1 in Air Magic
 17368 | D:12     | Reached skill level 1 in Poison Magic
 17473 | D:13     | Killed a centaur warrior
 17473 | D:13     | Noticed a skeletal warrior
 17476 | D:13     | HP: 4/89 [centaur/arrow[a centaur warrior] (14)]
 17478 | D:13     | Shot with an arrow by a centaur

Illustrated notes

Levels and vault maps discovered:
D:1:      matt_arrival_spirals, layout_rooms, grunt_decor_one_mirror,
          minmay_nonomino_d4
D:2:      layout_basic, uniq_crazy_yiuf_cottage
D:3:      layout_rooms, mainiacjoe_overflow_alcove_1,
          minmay_randomly_rotated_circles, uniq_natasha
D:4:      layout_rooms, mainiacjoe_overflow_concentric_impassable,
          nicolae_wu_jian_immortal_techniques
D:5:      layout_loops_ring, nicolae_elyvilon_peaceful_grove,
          mainiacjoe_overflow_cross_hatched, nemelex_xobeh_ov_fountains_minmay
D:6:      layout_basic, nicolae_kikubaaqudgha_miasma_corner,
          minmay_temple_entry_ruins, uniq_menkaure, uniq_duvessa,
          uniq_blork_the_orc
D:7:      layout_basic, mainiacjoe_overflow_catwalk, gammafunk_ghost_necromancy,
          dreamdust_princess_corridor, hex_medium, uniq_prince_ribbit1
D:8:      layout_rooms, lair_entry_dummy
D:9:      layout_basic, biasface_ghost_orc_armoury, serial_undead,
          serial_undead_c, serial_undead_c, serial_undead_d, serial_undead_a
D:10:     layout_rooms, grunt_decor_resistance
D:11:     layout_roguey, minmay_door_square, minmay_diced_spiral
D:12:     layout_rooms, david_orc_2, minmay_crystal_box
D:13:     layout_cave_pods, david_vaults_4, special_room [special_room_orc],
          uniq_erolcha
Temple:   nicolae_temple_bog_church

Skill      XL: |  1  2  3  4  5  6  7  8  9 10 11 |
---------------+----------------------------------+-----
Spellcasting   | 2 3 |  3.0
Earth Magic    | 3 4 5 7 8 |  8.0
Stealth        | 3 4 5 7 8 9 12 13 | 13.9
Conjurations   | 2 5 7 |  7.0
Transmutations | 4 5 6 |  6.0
Fighting       | 4 |  4.0
Unarmed Combat | 4 |  4.0
Invocations    | 2 |  2.0
Evocations     | 1 2 |  2.0
Air Magic      | 1 |  1.9
Poison Magic   | 1 |  1.9
Dodging        | |  1.3

Action                     |  1- 3 |  4- 6 |  7- 9 | 10-12 || total
---------------------------+-------+-------+-------+-------++-------
  Melee: Dagger            |    15 |     3 |    38 |   125 ||   181
         Unarmed           |     1 |       |       |       ||     1
         Tailslap          |     2 |       |     7 |    14 ||    23
         Punch             |       |       |       |     2 ||     2
   Cast: Sandblast         |    75 |    83 |   113 |    60 ||   331
         Stone Arrow       |       |       |    74 |   113 ||   187
         Passwall          |       |       |     4 |    10 ||    14
         Petrify           |       |       |       |     5 ||     5
    Use: Scroll            |       |     1 |    11 |     9 ||    21
         Potion            |       |     1 |     1 |     3 ||     5
   Stab: Sleeping          |       |     1 |     4 |     4 ||     9
         Paralysed         |       |       |     6 |    13 ||    19
         Petrified         |       |       |       |     7 ||     7
 Armour: Robe              |    22 |    23 |    21 |       ||    66
         Steam dragon scal |       |       |    35 |   137 ||   172
  Dodge: Dodged            |    21 |    38 |    63 |   149 ||   271
